 Dungeon Crawl Stone Soup version 0.26-a0-1132-ge9770dfcb6 (webtiles) character file.

Game seed: 298327151240436469

264 tatocazan the Shield-Bearer (level 5, -2/46 HPs)
             Began as a Minotaur Fighter on Dec 19, 2020.
             Slain by a wight
             ... wielding a cursed +0 flail
              (9 damage)
             ... on level 3 of the Dungeon.
             The game lasted 00:02:46 (2228 turns).

tatocazan the Shield-Bearer (Minotaur Fighter)      Turns: 2228, Time: 00:02:47

Health: -2/46      AC: 12    Str: 21    XL:     5   Next: 98%
Magic:  4/4        EV:  4    Int:  5    God:
Gold:   55         SH: 10    Dex: 10    Spells: 4/4 levels left

rFire    . . .     SeeInvis .   a - +0 war axe
rCold    . . .     Faith    .   c - +0 kite shield
rNeg     . . .     Spirit   .   e - +0 plate armour
rPois    .         Reflect  .   (helmet restricted)
rElec    .         Harm     .   (no cloak)
rCorr    .         Rampage  .   (no gloves)
Will     .....                  (no boots)
Stlth    ..........             j - amulet of inaccuracy (curse)
HPRegen  0.15/turn              (no ring)
MPRegen  0.09/turn              (no ring)

@: no status effects
A: retaliatory headbutt, horns 2
a: no special abilities


You were on level 3 of the Dungeon.
You visited 1 branch of the dungeon, and saw 3 of its levels.

You collected 55 gold pieces.

Inventory:

Hand Weapons
 a - a +0 war axe (weapon)
 i - a +3 dagger of venom
Armour
 b - a +0 scale mail
 c - a +0 kite shield (worn)
 e - a +0 plate armour (worn)
Jewellery
 j - a cursed amulet of inaccuracy (around neck)
 o - an uncursed ring of stealth {unknown}
Scrolls
 f - 2 scrolls of teleportation
 g - a scroll of random uselessness
 h - 2 scrolls of blinking {unknown}
 k - a scroll of fear
 l - 2 scrolls of remove curse {unknown}
 m - 2 scrolls of identify
 n - a scroll of amnesia
 p - a scroll of noise {unknown}
Potions
 d - 2 potions of might


   Skills:
 + Level 4.3 Fighting
 + Level 1.2 Short Blades
 * Level 4.6 Axes
 + Level 4.8 Armour
 * Level 1.6 Dodging
 + Level 5.0 Shields


You had 4 spell levels left.
You didn't know any spells.
Your spell library was empty.

Dungeon Overview and Level Annotations

Branches:
Dungeon (3/15)

Altars:


Innate Abilities, Weirdness & Mutations

You reflexively headbutt those who attack you in melee.
You have a pair of horns on your head.


Message History

a +2 battleaxe of freezing; a +0 robe You hit the orc wizard but do no damage.
The orc wizard looks as sick as possible!
The orc wizard is severely wounded.
The orc wizard points at you and mumbles some strange words.
The magic dart hits you but does no damage.
You block the orc wizard's attack.
You barely miss the orc wizard.
The orc wizard is severely wounded.
You kill the orc wizard!
The wight hits you with a cursed +0 flail.
* * * LOW HITPOINT WARNING * * *
You feel drained.
Your life force feels restored.
Your Shields skill increases to level 5!
Your +3 dagger of venom stops dripping with poison.
a - a +0 war axe (weapon)
You miss the wight.
The wight hits you with a cursed +0 flail!
You die...

#........... #...........
#........>.. #...........
#...)....... # #).......... #.
##)#.........
#..###..#####..###
#...z@)######.##
#####.##..........##
#####.#............##
#.............>.....#
#...##..............#
#..###[.............# #..#
#..............#
###############
#..............#
..#..##..##.######............#


You could see a wight.

Vanquished Creatures
  A wight (D:3)
  Jessica (D:2)
  2 orc wizards (D:3)
  Robin (D:3)
  4 adders
  An ooze (D:1)
  5 worms
  2 dart slugs (D:1)
  2 leopard geckos (D:1)
  2 orcs (D:3)
  3 giant cockroaches
  19 goblins
  8 hobgoblins
  5 jackals (D:1)
  5 kobolds
  2 bats
  2 frilled lizards (D:1)
  3 rats (D:1)
68 creatures vanquished.

Vanquished Creatures (others)
  9 toadstools (D:3)
9 creatures vanquished.

Grand Total: 77 creatures vanquished

Notes
Turn   | Place    | Note
-------+----------+-------------------------------------------
     0 | D:1      | tatocazan the Minotaur Fighter began the quest for the Orb.
     0 | D:1      | Reached XP level 1. HP: 19/19 MP: 0/0
    56 | D:1      | Reached XP level 2. HP: 27/27 MP: 1/1
   108 | D:1      | Reached skill level 4 in Shields
   219 | D:1      | Reached XP level 3. HP: 31/33 MP: 2/2
   948 | D:2      | Noticed Jessica
   958 | D:2      | Killed Jessica
   959 | D:2      | Reached XP level 4. HP: 23/40 MP: 3/3
  1853 | D:3      | Noticed Robin
  1879 | D:3      | Killed Robin
  1880 | D:3      | Reached XP level 5. HP: 25/46 MP: 4/4
  2092 | D:3      | Found a glowing drain.
  2118 | D:3      | Reached skill level 1 in Dodging
  2224 | D:3      | Reached skill level 1 in Short Blades
  2227 | D:3      | Reached skill level 5 in Shields
  2228 | D:3      | Slain by a wight

Illustrated notes

Levels and vault maps discovered:
D:1:      nzn_arrival_crosshair, layout_rooms, minmay_misc_feat_enclosed
D:2:      layout_basic, grunt_decor_resistance, uniq_jessica
D:3:      cheibrodos_fertilizer, layout_rooms, lemuel_doored_altar,
          cheibrodos_sewer_entry_bend, chequers_ecumenical_altar_grove,
          minmay_surrounded, uniq_robin

Skill      XL: |  1  2  3  4  5 |
---------------+----------------+-----
Fighting       | 4 |  4.3
Shields        | 4 5 |  5.0
Axes           | 3 4 |  4.6
Armour         | 4 |  4.8
Dodging        | 1 |  1.6
Short Blades   | 1 |  1.2

Action                   |  1- 3 |  4- 6 || total
-------------------------+-------+-------++-------
Melee: War axe           |    99 |     1 ||   100
       Headbutt          |    10 |    10 ||    20
       Dagger            |       |   115 ||   115
  Use: Scroll            |     5 |       ||     5
Armor: Scale mail        |     4 |       ||     4
       Plate armour      |    44 |    66 ||   110
Dodge: Dodged            |    22 |    24 ||    46
Block: Kite shield       |    52 |    61 ||   113

Table legend: (Time is in decaauts)
 A = Elapsed time spent in this place.
 B = Non-inter-level travel time spent in this place.
 C = Inter-level travel time spent in this place.
 D = Time resting spent in this place.
 E = Time spent auto-exploring this place.
 F = Levels seen in this place.
 G = Mean time per level.
                   A        B        C        D        E       F      G
               +--------+--------+--------+--------+--------+-----+--------+
         Total |   2284 |   2202 |     82 |    504 |   1253 |   3 |  761.3 |
       Dungeon |   2284 |   2202 |     82 |    504 |   1253 |   3 |  761.3 |
               +--------+--------+--------+--------+--------+-----+--------+

Top non-repeatable levels by time:
     D:2: 1230 daAuts
     D:1: 588 daAuts
     D:3: 466 daAuts
